[Event "*** Titled Tuesday 3|2 Blitz"]
[Site "Chess.com"]
[Date "2016.06.07"]
[Round "4"]
[White "rookoco"]
[Black "Winehouse83"]
[Result "0-1"]
[WhiteElo "2457"]
[BlackElo "2466"]
[TimeControl "180+2"]
[EndTime "11:48:07 PDT"]
[Termination "Winehouse83 won by resignation"]

1. e4 e5 2. Nf3 Nc6 3. d4 exd4 4. Nxd4 Nf6 5. Nxc6 bxc6 6. Qe2 a5 7. c4 Bb4+ 8. Nd2 d6 9. Qf3 O-O 10. Bd3 Nd7 11. Be2 Ne5 12. Qg3 Ba6 13. b3 Qf6 14. Rb1 Ng6 15. O-O Qf4 16. Rd1 Bc5 17. Bd3 Qxg3 18.
hxg3 Ne5 19. Be2 f5 20. Kf1 f4 21. gxf4 Rxf4 22. Nf3 Rxe4 23. Nxe5 Rxe5 24. Bf3 Bb7 25. Bb2 Re7 26. Re1 Rae8 27. Rxe7 Rxe7 28. Rd1 Re8 29. Rd3 Ra8 30. Bg4 Bc8 31. Rg3 Bxg4 32. Rxg4 g6 33. Bc3 Bb6 34. Re4 Kf7 35. Rf4+ Ke6 36. Re4+ Kd7 37.
Rh4 h5 38. Rf4 Re8 39. Rf7+ Re7 40. Rf6 Re6 41. Rf7+ Ke8 42. f3 Kxf7 0-1

[Event "*** Titled Tuesday 3|2 Blitz"]
[Site "Chess.com"]
[Date "2016.06.07"]
[Round "4"]
[White "GeorgMeier"]
[Black "ChessWarrior7197"]
[Result "1-0"]
[WhiteElo "2721"]
[BlackElo "2523"]
[TimeControl "180+2"]
[EndTime "11:48:20 PDT"]
[Termination "GeorgMeier won by resignation"]

1. Nf3 Nf6 2. g3 e6 3. Bg2 d5 4. O-O Be7 5. d4 O-O 6. c4 c6 7.
Nbd2 b6 8. Qc2 Nbd7 9. e4 dxe4 10. Nxe4 Nxe4 11. Qxe4 Bb7 12. Rd1 Nf6 13. Qe2 h6 14.
Bf4 Qc8 15. Rac1 Rd8 16. a3 a5 17. h4 c5 18. d5 Bf8 19. dxe6 Qxe6 20. Qxe6 fxe6 21.
Rxd8 Rxd8 22. Bc7 Ra8 23. Bxb6 Bd6 24. Rd1 Ne8 25. h5 Kf8 26. Nh4 Bxg2 27. Kxg2 a4 28. Ng6+ Kf7 29. Rd2 Kf6 30. g4 Kf7 31. f3 Rb8 32.
Ba5 Rb7 33. Bc3 Be7 34. Ne5+ Kf8 35. Rd7 Rxd7 36. Nxd7+ Kf7 37. Kf2 Nd6 38. Nxc5 Nxc4 39. Nxa4 e5 40. Ke2 Ke6 41. Kd3 Kd5 42. Bb4 Bxb4 43.
axb4 Nd6 44. Nc3+ Kc6 45. Ne4 Nb5 46. Ng3 Nd4 47. Ke4 Kb5 48. Nf5 1-0

[Event "*** Titled Tuesday 3|2 Blitz"]
[Site "Chess.com"]
[Date "2016.06.07"]
[Round "4"]
[White "silverback96"]
[Black "howitzer14"]
[Result "0-1"]
[WhiteElo "2019"]
[BlackElo "2713"]
[TimeControl "180+2"]
[EndTime "11:48:28 PDT"]
[Termination "howitzer14 won by resignation"]

1. Nf3 d5 2. g3 g6 3. Bg2 Bg7 4. d4 c6 5. c4 Nf6 6. b3 dxc4 7. bxc4 c5 8. Bb2 cxd4 9. Nxd4 O-O 10. O-O Qb6 11.
Qb3 Nfd7 12. Na3 Bxd4 13. Bxd4 Qxd4 14. Nb5 Qb6 15. a4 Nc6 16. Rfc1 a6 17. c5 Nxc5 18. Qe3 axb5 19. Rxc5 Rxa4 20. Rd1 Be6 21. Bxc6 bxc6 22. Qc3 Rc4 23. Rxc4 Bxc4 24. Rd4 c5 25. Rh4 Qf6 26. Qe3 Ra8 27. Qh6 Qg7 28. Qg5 Bxe2 29. Kg2 Qf6 30. Qxc5 Bf3+ 31. Kh3 Qe6+ 32. g4 h5 33. Kg3 Bxg4 34. f3 Qe1+ 35. Kf4 Qxh4 36. h3 Bxh3+ 37. Ke3 b4 38. f4 b3 39. f5 Bxf5 40. Qc6 Rf8 41. Qb7 Be6 42. Kd3 g5 43. Kc3 Qg3+ 44. Kb2 h4 45. Qe4 Kg7 46. Ka3 Qd6+ 47.
Kb2 Qd2+ 48. Kb1 Qa2+ 49. Kc1 b2+ 0-1

[Event "*** Titled Tuesday 3|2 Blitz"]
[Site "Chess.com"]
[Date "2016.06.07"]
[Round "4"]
[White "dretch"]
[Black "AlexanderL"]
[Result "0-1"]
[WhiteElo "2585"]
[BlackElo "2606"]
[TimeControl "180+2"]
[EndTime "11:48:36 PDT"]
[Termination "AlexanderL won by resignation"]

1. d4 e6 2. c4 d5 3. Nc3 c6 4. e3 Nf6 5. Nf3 Nbd7 6. Bd3 dxc4 7. Bxc4 b5 8. Bd3 Bd6 9. e4 e5 10. Ne2 O-O 11. O-O Re8 12. Bg5 h6 13. Bh4 Qb6 14. a4 a6 15. axb5 cxb5 16. Kh1 Bb7 17. d5 Nxd5 18.
exd5 e4 19. Bxe4 Rxe4 20. Ng3 Rf4 21. Nh5 Rf5 22. Nd4 Rxd5 23. Qg4 Qxd4 24. f4 Rxh5 25. Qxh5 Nf6 26. Bxf6 Qxf6 27. Rad1 Re8 28. h3 Qxb2 29.
Rg1 Qf6 30. Qg4 Qxf4 31. Qxf4 Bxf4 32. Rd7 Bc6 33. Ra7 Be3 34. Rxa6 Bxg1 35. Kxg1 Bd5 36.
Rd6 Bc4 37. Rb6 g6 38. h4 Re2 39. h5 Kg7 40. hxg6 fxg6 41. Kh2 Rb2 42. Kh3 Bf7 43. Rb7 b4 44. g4 b3 45. g5 hxg5 46. Kg4 Rg2+ 47.
Kh3 Rc2 48. Kg4 b2 49. Kxg5 Rg2+ 50. Kh4 Kf6 51. Rb8 Ba2 52. Rb6+ Ke5 53. Rb5+ Kd4 0-1

[Event "*** Titled Tuesday 3|2 Blitz"]
[Site "Chess.com"]
[Date "2016.06.07"]
[Round "4"]
[White "Noukii"]
[Black "iaraldinho"]
[Result "1-0"]
[WhiteElo "2652"]
[BlackElo "2462"]
[TimeControl "180+2"]
[EndTime "11:48:41 PDT"]
[Termination "Noukii won by resignation"]

1. d4 f5 2. Nc3 Nf6 3. Bg5 e6 4. e4 fxe4 5. Nxe4 Be7 6. Bxf6 Bxf6 7. Nf3 O-O 8. Bd3 d5 9. Nxf6+ Qxf6 10. c3 c5 11. O-O Nc6 12. Bb5 cxd4 13. Bxc6 bxc6 14. Qxd4 Rb8 15. b3 Rb7 16. Rae1 Rbf7 17. Ne5 Bd7 18. Nxf7 Rxf7 19. f3 h6 20. Re5 Qg6 21. Rfe1 a6 22. Kf2 Rf6 23. R5e2 Qg5 24. Re5 Qg6 25. Qa7 Rf7 26. Qe3 Qc2+ 27. Re2 Qg6 28. h4 Qf6 29.
Kg3 Qg6+ 30. Kh3 Qf6 31. h5 Qe7 32. b4 Qf6 33. Qd4 Qe7 34. f4 a5 35. g3 a4 36. a3 Qf6 37. Kg2 Qd8 38. Qc5 Rf6 39. Qd6 Qe8 40. f5 c5 41. g4 Kh7 42. bxc5 Qc8 43.
fxe6 Bc6 44. Kg3 d4 45. cxd4 Rf3+ 46. Kh4 Qa6 47. e7 Qd3 48. Qg6+ 1-0

[Event "*** Titled Tuesday 3|2 Blitz"]
[Site "Chess.com"]
[Date "2016.06.07"]
[Round "4"]
[White "matej2221"]
[Black "GMBenjaminBok"]
[Result "1/2-1/2"]
[WhiteElo "2445"]
[BlackElo "2601"]
[TimeControl "180+2"]
[EndTime "11:48:42 PDT"]
[Termination "Game drawn by stalemate"]

1. e4 c5 2. Nf3 d6 3. d4 cxd4 4. Nxd4 Nf6 5. f3 e5 6. Nb3 d5 7. Bg5 Be6 8. Bxf6 gxf6 9. exd5 Qxd5 10. Qxd5 Bxd5 11. Nc3 Bb4 12. O-O-O Bxb3 13. axb3 Bxc3 14. bxc3 Ke7 15. Bc4 Nd7 16. Bxf7 Rac8 17. Kb2 Rc7 18. Bd5 Rhc8 19. c4 b5 20. Rhf1 Nb6 21. f4 bxc4 22.
Bxc4 Nxc4+ 23. bxc4 Rxc4 24. Rd2 Rb8+ 25. Kc1 Ra4 26.
Rdf2 e4 27. Kd2 Rd8+ 28. Ke3 f5 29. Rd2 Ra3+ 30. Ke2 Rxd2+ 31. Kxd2 a5 32. Rb1 e3+ 33. Ke2 a4 34. Rb7+ Ke6 35. Rxh7 Rc3 36. Ra7 a3 37. h4 Rxc2+ 38. Kxe3 Rxg2 39. Kf3 Ra2 40. Ra6+ Kf7 41. Kg3 Ra1 42. h5 a2 43. Kh2 Kg7 44. Kg2 Kh7 45. Kh2 Rf1 46. Rxa2 Rxf4 47. Kg3 Rg4+ 48. Kf3 Kh6 49. Rh2 Ra4 50. Rh1 Rb4 51.
Rh2 Kg5 52. h6 Rb3+ 53. Kg2 Rb2+ 54. Kg1 Rxh2 55. Kxh2 Kxh6 56. Kg3 Kg5 57. Kf3 f4 58. Kf2 Kg4 59. Kg2 f3+ 60. Kf2 Kf4 61. Kf1 Ke3 62. Ke1 f2+ 63. Kf1 Kf3 1/2-1/2

[Event "*** Titled Tuesday 3|2 Blitz"]
[Site "Chess.com"]
[Date "2016.06.07"]
[Round "4"]
[White "saraswathii"]
[Black "eltenedor"]
[Result "1-0"]
[WhiteElo "1956"]
[BlackElo "2044"]
[TimeControl "180+2"]
[EndTime "11:48:53 PDT"]
[Termination "saraswathii won by resignation"]

1. e4 d5 2. exd5 Nf6 3. d3 Nxd5 4. Nf3 Nc6 5. g3 Bg4 6. Bg2 e6 7. O-O Bc5 8. c3 e5 9. Nbd2 O-O 10. h3 Bh5 11.
Ne4 Bb6 12. Qc2 h6 13. a3 f5 14. Ned2 Nde7 15. Nc4 Ng6 16. Re1 Re8 17. Nh2 Nf8 18. Bxc6 bxc6 19. Nxe5 Qd6 20. d4 c5 21. Qxf5 g6 22.
Qf7+ Kh8 23. Bxh6 Re7 24. Bg7+ Kh7 25. Bxf8+ Rxf7 26. Bxd6 Rf6 27. Bxc5 Raf8 28. Bxf8 Rxf8 29. Nd7 Rd8 30. Nxb6 axb6 31. Re7+ 1-0

[Event "*** Titled Tuesday 3|2 Blitz"]
[Site "Chess.com"]
[Date "2016.06.07"]
[Round "4"]
[White "Bentery"]
[Black "Dlugy"]
[Result "0-1"]
[WhiteElo "2436"]
[BlackElo "2604"]
[TimeControl "180+2"]
[EndTime "11:48:54 PDT"]
[Termination "Dlugy won by resignation"]

1. Nf3 Nf6 2. g3 g6 3. b3 Bg7 4.
Bb2 O-O 5. Bg2 a5 6. c4 d6 7. O-O a4 8. b4 e5 9. d3 Re8 10.
e4 Nbd7 11. a3 c5 12. Nc3 Nb6 13. Ne1 Nfd7 14. Nb5 Nf8 15. f4 Ne6 16. f5 Nd4 17. Nxd4 exd4 18. g4 Nd7 19. Nf3 Ne5 20. bxc5 Nxg4 21. fxg6 fxg6 22. cxd6 Ne3 23. Qd2 Nxf1 24. Rxf1 Qxd6 25. Qf2 Bg4 26. e5 Qd7 27. Bxd4 Bxf3 28. Bxf3 Rxe5 29. Bxe5 Bxe5 30. Bd5+ Kh8 31. Qg2 Re8 32. Rf7 Qd6 33. Qh3 Bd4+ 34. Kf1 Bg7 35. Qd7 Qe5 36. Rxg7 Qe2+ 37. Kg1 Qe1+ 38. Kg2 Re2+ 39.
Kh3 Qf1+ 40. Kh4 Qf4+ 41. Qg4 0-1

[Event "*** Titled Tuesday 3|2 Blitz"]
[Site "Chess.com"]
[Date "2016.06.07"]
[Round "4"]
[White "dabee"]
[Black "Iuri_Shkuro"]
[Result "1/2-1/2"]
[WhiteElo "2429"]
[BlackElo "2398"]
[TimeControl "180+2"]
[EndTime "11:49:00 PDT"]
[Termination "Game drawn by agreement"]

1. d4 Nc6 2. Nf3 d6 3. e4 Nf6 4. Nbd2 g6 5. c3 Bg7 6. Bc4 O-O 7. O-O a6 8. a4 e5 9. dxe5 dxe5 10. b4 Nh5 11.
Ba3 Re8 12. Qb3 Be6 13. Rfd1 Qf6 14. Bxe6 Rxe6 15. Nc4 b5 16. Ne3 Rd6 17. Rxd6 Qxd6 18. Rd1 Qe6 19. Qxe6 fxe6 20. Rd7 Rc8 21. Ng5 Nf6 22.
Rd1 Re8 23. axb5 axb5 24. c4 h6 25. Nf3 Nxe4 26. cxb5 Nd4 27. Bb2 Nxb5 28. Bxe5 Nbd6 29. Bxg7 Kxg7 30. Nd4 Kf7 31. Rc1 Rc8 32. f3 Nf6 33. b5 Nd7 34. Nc4 Nxc4 35. Rxc4 Nb6 36. Rc6 e5 1/2-1/2

[Event "*** Titled Tuesday 3|2 Blitz"]
[Site "Chess.com"]
[Date "2016.06.07"]
[Round "4"]
[White "JSPrepz"]
[Black "Imre91"]
[Result "0-1"]
[WhiteElo "2380"]
[BlackElo "2569"]
[TimeControl "180+2"]
[EndTime "11:49:02 PDT"]
[Termination "Imre91 won by resignation"]

1. Nf3 g6 2. c4 Bg7 3. g3 c5 4. Bg2 Nc6 5. Nc3 Nh6 6. h4 d6 7. h5 Bg4 8. d3 Qd7 9. Nh2 Be6 10.
Nf3 Bg4 11. Nh2 Be6 12. Nf3 gxh5 13. Rxh5 Ng4 14. Bf4 Bf5 15. Qd2 Bg6 16. Rh4 h5 17.
Bh3 e6 18. Nb5 e5 19. Bg5 f6 20. Be3 O-O-O 21. O-O-O f5 22. Bg5 Rde8 23. Nc3 Nxf2 24. Nd5 Nxd1 25. Qxd1 Kb8 26. e4 Qf7 27. Nd2 Nd4 28.
Qa4 Ne2+ 29. Kc2 Nxg3 30. b4 fxe4 31. dxe4 Ne2 32. bxc5 Nd4+ 33. Kb2 dxc5 34. Bd7 Rd8 35. Be7 b5 36. Bd6+ Kb7 37. Bc6+ Kxc6 38. Qa6+ Kd7 39. Bxc5 Ke8 40. Qc6+ Nxc6 41. cxb5 Rxd5 42. bxc6 Rxc5 0-1

[Event "*** Titled Tuesday 3|2 Blitz"]
[Site "Chess.com"]
[Date "2016.06.07"]
[Round "4"]
[White "charlescandycampbell"]
[Black "AleksandrKholin"]
[Result "0-1"]
[WhiteElo "2037"]
[BlackElo "2127"]
[TimeControl "180+2"]
[EndTime "11:49:07 PDT"]
[Termination "AleksandrKholin won on time"]

1. d4 Nf6 2. c4 e6 3. Nf3 Bb4+ 4. Bd2 a5 5. Nc3 d5 6. e3 O-O 7. Bd3 b6 8. O-O Bb7 9. a3 Be7 10. Rc1 Nbd7 11. cxd5 exd5 12. Nb5 c6 13. Nc3 Bd6 14.
e4 dxe4 15. Nxe4 Bc7 16. Re1 Qb8 17. Bg5 Nd5 18. Bh4 Bf4 19. Bg3 Bxg3 20. hxg3 N7f6 21. Ne5 Nxe4 22. Bxe4 Qd6 23. Qf3 Rac8 24. Bxd5 cxd5 25. Qf5 f6 26. Qd7 Qxd7 27. Nxd7 Rfe8 28. Nxb6 Rxc1 29.
Rxc1 Re2 30. Rc7 Ba6 31. Ra7 Bd3 32. Nxd5 Rxb2 33. Rxa5 Rb1+ 34. Kh2 Rb2 35. Nf4 Be4 36. Kg1 Rb1+ 0-1

[Event "*** Titled Tuesday 3|2 Blitz"]
[Site "Chess.com"]
[Date "2016.06.07"]
[Round "4"]
[White "GM_Levan_Pantsulaia"]
[Black "Bigfish1995"]
[Result "0-1"]
[WhiteElo "2481"]
[BlackElo "2610"]
[TimeControl "180+2"]
[EndTime "11:49:09 PDT"]
[Termination "Bigfish1995 won by resignation"]

1. Nf3 g6 2. g3 Bg7 3. Bg2 c5 4. c4 Nc6 5. Nc3 d6 6. O-O Qd7 7. e3 Bxc3 8. bxc3 b6 9. d3 Bb7 10. e4 O-O-O 11. a4 f5 12. Ng5 Rf8 13. exf5 gxf5 14.
Bd5 Kb8 15. Ne6 Rc8 16. Bg5 h6 17. Bh4 Ne5 18. a5 b5 19. a6 Bc6 20. Rb1 Ka8 21. Qh5 Nxd3 22. Qxf5 Ne5 23. Bxc6+ Qxc6 24. cxb5 Nf3+ 25. Kh1 Nxh4+ 26. bxc6 Nxf5 27. Rb7 Rxc6 28.
Nc7+ Rxc7 29. Rxc7 Nf6 30. Rb1 Nd5 31. Rcb7 Nxc3 32.
Re1 Nd5 33. Kg2 Nd4 34. h4 c4 35. Re4 e5 36. Rd7 c3 37. Rxd6 c2 38. Re1 Nb4 39.
Rd7 Nd3 40. Ra1 c1=Q 41. Rxc1 Nxc1 42. g4 Nd3 43. Kg3 Nf4 44. h5 Rg8 45. f3 Nxh5+ 46. Kf2 Nf4 0-1

[Event "*** Titled Tuesday 3|2 Blitz"]
[Site "Chess.com"]
[Date "2016.06.07"]
[Round "4"]
[White "rdclayton"]
[Black "FCChelsea14"]
[Result "1/2-1/2"]
[WhiteElo "2070"]
[BlackElo "2420"]
[TimeControl "180+2"]
[EndTime "11:49:19 PDT"]
[Termination "Game drawn by agreement"]

1. d4 Nf6 2. c4 e6 3. Nf3 d5 4.
Nc3 Bb4 5. Qa4+ Nc6 6. Bg5 Bd7 7.
Qc2 O-O 8. e3 h6 9. Bxf6 Qxf6 10. Bd3 Rad8 11. cxd5 exd5 12. O-O Bg4 13. Nd2 Ne7 14.
a3 Bd6 15. Nb5 c6 16. Nxd6 Rxd6 17. Qc5 a6 18. b4 Bf5 19. Be2 Rfd8 20. a4 Qg5 21.
Nf3 Qf6 22. b5 axb5 23. axb5 Bg4 24. b6 Ng6 25. h3 Bxf3 26. Bxf3 Nh4 27. Be2 Qg5 28.
g3 Nf5 29. Kg2 Rg6 30. Bg4 h5 31. Bxf5 Qxf5 32. Qe7 Qd7 33. Qxd7 Rxd7 34. Ra8+ Kh7 35. Rfa1 Re6 36. Rb8 Ree7 37. g4 hxg4 38. hxg4 Kg6 39.
Kf3 Kg5 40. Kg3 g6 41. f4+ Kf6 42. Kf3 Ke6 43. Rh1 Kd6 44. Rc8 Re6 45. Rh7 Ree7 46.
f5 gxf5 47. gxf5 Re4 48. Rf8 c5 49. dxc5+ Kxc5 50. Rfxf7 Rxf7 51. Rxf7 Kxb6 52. Rd7 Kc6 53. Rd8 b5 54. Ke2 Re7 55. Rf8 Rb7 56. f6 Kd6 57. f7 Ke6 58. Kd3 b4 59. Rd8 Rxf7 60. Rb8 Ra7 61. Rxb4 Ke5 62. Rb8 Ra3+ 63. Ke2 Ra2+ 64.
Kd3 Ra3+ 65. Ke2 1/2-1/2

[Event "*** Titled Tuesday 3|2 Blitz"]
[Site "Chess.com"]
[Date "2016.06.07"]
[Round "4"]
[White "platy3"]
[Black "pKiLz5Rn9b"]
[Result "1-0"]
[WhiteElo "2689"]
[BlackElo "2476"]
[TimeControl "180+2"]
[EndTime "11:49:22 PDT"]
[Termination "platy3 won by resignation"]

1. e4 e6 2. d4 d5 3. Nd2 Nf6 4. e5 Nfd7 5. Bd3 c5 6. c3 Nc6 7.
Ngf3 Be7 8. O-O a5 9. Re1 a4 10. Nf1 cxd4 11. cxd4 Nb6 12. Ng3 h5 13. h3 h4 14. Nf1 Bd7 15. Bd2 Nb4 16. Be2 Nc4 17. Bc3 Rc8 18. a3 Nc6 19. Bxc4 dxc4 20. Ne3 Na7 21. d5 Bc5 22. Nd4 Bxd4 23. Qxd4 Nb5 24. Qg4 Kf8 25. Bb4+ Kg8 26. d6 Rh6 27. Rac1 Rg6 28. Qf4 Qb6 29. Nxc4 Qd4 30. Qxd4 Nxd4 31. Kh2 Bc6 32. Ne3 Rd8 33. Red1 Nf5 34. Rxc6 bxc6 35. Nxf5 exf5 36. d7 Re6 37. Ba5 Rxd7 38. Rxd7 Rxe5 39. Bc3 Re4 40. Rd4 Rxd4 41. Bxd4 f6 42.
b3 axb3 43. a4 c5 44. Bc3 b2 45. Bxb2 1-0

[Event "*** Titled Tuesday 3|2 Blitz"]
[Site "Chess.com"]
[Date "2016.06.07"]
[Round "4"]
[White "StoreySniper"]
[Black "cassoulet"]
[Result "0-1"]
[WhiteElo "2314"]
[BlackElo "2340"]
[TimeControl "180+2"]
[EndTime "11:49:23 PDT"]
[Termination "cassoulet won by resignation"]

1. e4 c5 2. Nf3 d6 3. d4 cxd4 4. Nxd4 Nf6 5. f3 e5 6. Nb3 Be6 7. Bg5 Nbd7 8. c4 Rc8 9. N3d2 Be7 10. Be3 a6 11. Nc3 O-O 12. Be2 Nc5 13. b4 Ncd7 14.
Rc1 Nh5 15. Nd5 Bg5 16. Qb3 Bxd5 17. exd5 Bxe3 18. Qxe3 Qh4+ 19. Qf2 Qg5 20. h4 Qh6 21. g3 f5 22. c5 dxc5 23. bxc5 Nhf6 24. d6 Rfe8 25.
Nb3 e4 26. f4 e3 27. Qf3 Ne4 28. O-O Nd2 29. Nxd2 exd2 30. Qd5+ Kh8 31. Qxd2 Qg6 32. Kh2 Rxc5 33. Rxc5 Nxc5 34. d7 Nxd7 35. Bf3 Nf6 36.
Re1 h6 37. Rxe8+ Qxe8 38. Bxb7 Ng4+ 39. Kg2 Qb5 40. Bf3 Nf6 41. Qc2 h5 42. a4 Qa5 43.
Qe2 Qxa4 44. Bxh5 Kh7 45. Bf3 a5 46. Qe5 Qc2+ 47. Kh3 a4 48. h5 a3 49. g4 fxg4+ 50. Bxg4 Qd3+ 51. Kh4 Nxg4 52. Kxg4 a2 53. f5 Qd1+ 54. Kg5 Qg1+ 55. Kh4 Qh1+ 56. Kg5 a1=Q 0-1

[Event "*** Titled Tuesday 3|2 Blitz"]
[Site "Chess.com"]
[Date "2016.06.07"]
[Round "4"]
[White "FearlessKing64"]
[Black "GianmarcoVaR"]
[Result "0-1"]
[WhiteElo "2075"]
[BlackElo "2340"]
[TimeControl "180+2"]
[EndTime "11:49:33 PDT"]
[Termination "GianmarcoVaR won by resignation"]

1. e4 c5 2. Nf3 d6 3. d4 cxd4 4. Nxd4 Nf6 5. f3 e5 6. Bb5+ Bd7 7. Bxd7+ Qxd7 8. Nf5 h6 9. c4 Be7 10. Nxg7+ Kf8 11. Nf5 h5 12. Nc3 Nc6 13. O-O a6 14. Bg5 Qe6 15. Nd5 Bd8 16. Qd2 Ne8 17. Bh6+ Kg8 18.
Bg5 f6 19. Be3 Rc8 20. b3 Ng7 21. Nxg7 Kxg7 22. Rad1 Ne7 23. Nc3 Bc7 24. f4 b5 25.
f5 Qd7 26. cxb5 Ba5 27. Rc1 Qc7 28. Rf3 Kf7 29. Bf2 axb5 30. a3 b4 31. Ne2 Qb7 32. a4 Qxe4 33. Ng3 Rxc1+ 34. Qxc1 Qc6 35. Qe1 h4 36. Ne4 h3 37. g3 d5 38. Nd2 Qc2 39.
Re3 Nxf5 40. Rxe5 fxe5 41. Qxe5 Re8 42. Qxd5+ Re6 43. Qxa5 Qxd2 44. Qc7+ Ne7 45. Qf4+ Qxf4 46. gxf4 Nd5 0-1

[Event "*** Titled Tuesday 3|2 Blitz"]
[Site "Chess.com"]
[Date "2016.06.07"]
[Round "4"]
[White "Grootneus"]
[Black "andretta"]
[Result "1-0"]
[WhiteElo "2081"]
[BlackElo "2169"]
[TimeControl "180+2"]
[EndTime "11:49:39 PDT"]
[Termination "Grootneus won by resignation"]

1. e4 c6 2. d4 d5 3. Nc3 dxe4 4.
Nxe4 Bf5 5. Ng3 Bg6 6. h4 h6 7.
Nf3 Nd7 8. h5 Bh7 9. Bd3 Bxd3 10. Qxd3 e6 11. Bd2 Ngf6 12. O-O-O Be7 13. Kb1 O-O 14.
Ne4 Nxe4 15. Qxe4 Nf6 16. Qe2 Qd5 17. Ne5 Qe4 18. Qxe4 Nxe4 19. Be3 f5 20. Ng6 Rf7 21. f3 Nf6 22. Rdg1 Nd5 23. Bc1 Bd6 24. g4 fxg4 25. fxg4 Rf2 26. g5 hxg5 27. Bxg5 Re8 28. h6 Rh2 29.
Rxh2 Bxh2 30. Rh1 Kh7 31. Ne5 Bxe5 32. dxe5 g6 33. Rf1 Kg8 34. c4 Nb6 35. Rh1 Kh7 36.
Rf1 Kg8 37. Rf6 Re7 38. Rxg6+ Kh7 39. Rf6 Nxc4 40. Rf8 Nxe5 41. Bxe7 Ng6 42. Re8 e5 43. Bc5 Kxh6 44. Kc2 Kg5 45. Kd2 Kf5 46. Ke1 Nf4 47. Bd6 e4 48. Bxf4 Kxf4 49. Ke2 1-0

[Event "*** Titled Tuesday 3|2 Blitz"]
[Site "Chess.com"]
[Date "2016.06.07"]
[Round "4"]
[White "PowerThinking2650"]
[Black "ZivkovicN"]
[Result "1-0"]
[WhiteElo "2215"]
[BlackElo "2357"]
[TimeControl "180+2"]
[EndTime "11:49:39 PDT"]
[Termination "PowerThinking2650 won by checkmate"]

1. e4 c5 2. Nf3 d6 3. d4 cxd4 4. Nxd4 Nf6 5. Nc3 a6 6. Be3 e5 7. Nb3 Be6 8. f3 b5 9. Qd2 Nbd7 10. a4 b4 11. Nd5 Bxd5 12. exd5 Nb6 13. Qxb4 Nbxd5 14.
Qd2 Nxe3 15. Qxe3 Qc7 16. Bd3 d5 17. O-O Bd6 18. Qg5 O-O 19. Rae1 Rfe8 20. Kh1 Qc6 21. Qh4 Rab8 22. Re2 Rb4 23. Qh3 Rxa4 24. Nd2 Ra2 25. b3 a5 26. g4 g6 27. Rfe1 a4 28. bxa4 Rxa4 29. Nf1 Kg7 30. Ng3 Bb4 31. g5 Ng8 32. Rg1 Bc3 33. Nh5+ Kf8 34. Ng3 e4 35. fxe4 dxe4 36.
Qg2 Bd4 37. Rge1 Qc5 38. Nxe4 Qb6 39. Rf1 f5 40. gxf6 Nxf6 41. Nxf6 Bxf6 42. Rxe8+ Kxe8 43. Qd5 Rd4 44. Qg8+ Ke7 45. Qxh7+ Ke6 46. Qg8+ Ke7 47.
Re1+ Kd6 48. Re6+ Kc5 49. Rxb6 Rf4 50. Qe6 Bd4 51. Qd6# 1-0

[Event "*** Titled Tuesday 3|2 Blitz"]
[Site "Chess.com"]
[Date "2016.06.07"]
[Round "4"]
[White "VSERGUEI"]
[Black "bugsbunny444"]
[Result "1-0"]
[WhiteElo "2493"]
[BlackElo "2361"]
[TimeControl "180+2"]
[EndTime "11:49:50 PDT"]
[Termination "VSERGUEI won by resignation"]

1. d4 e6 2. c4 b6 3. e4 Bb7 4. Nc3 Bb4 5. Qc2 Qh4 6. Bd3 f5 7. Nf3 Bxc3+ 8. Qxc3 Qg4 9. Rg1 fxe4 10. Ne5 Qh5 11. Be2 Qxh2 12. Kf1 Nf6 13. g4 d6 14. g5 dxe5 15. gxf6 gxf6 16. dxe5 Qxe5 17. Qxe5 fxe5 18.
Bh5+ Kd7 19. Rg7+ Kd6 20. b3 Nd7 21. Ba3+ Kc6 22. Re7 Nf8 23. Be8+ Rxe8 24. Rxe8 Ng6 25. Rxh8 Nxh8 26. Rd1 Nf7 27. Ke2 Nd6 28. Ke3 Kd7 29. Bxd6 cxd6 30. Rh1 d5 31. Rxh7+ Kc6 32. Re7 Bc8 33.
Rxa7 Bb7 34. a4 Kc7 35. a5 bxa5 36. Rxa5 d4+ 37. Kd2 Kd6 38. b4 Bc8 39. Ra7 Bd7 40. c5+ Kc6 41. b5+ Kxb5 42. Rxd7 Kxc5 43. Rd8 Kc6 44. Kc2 Kc5 45. Re8 Kd5 46. Rh8 Kc4 47.
Rh6 Kd5 48. Rg6 Kd6 49. Kb3 Kd5 50. Rh6 Kd6 51. Kc4 e3 52. fxe3 dxe3 53. Kd3 1-0

[Event "*** Titled Tuesday 3|2 Blitz"]
[Site "Chess.com"]
[Date "2016.06.07"]
[Round "4"]
[White "alturas_pacificas"]
[Black "Penguininja"]
[Result "0-1"]
[WhiteElo "2174"]
[BlackElo "2228"]
[TimeControl "180+2"]
[EndTime "11:49:50 PDT"]
[Termination "Penguininja won by resignation"]

1. d4 d5 2. Bf4 e6 3. e3 Bd6 4.
Bg3 Nf6 5. Nd2 b6 6. Ngf3 Bb7 7. Bd3 c5 8. c3 Qc7 9. Ne5 Nc6 10. f4 O-O 11. O-O Ne7 12. Qf3 Nf5 13. Bf2 Be7 14. g4 Nd6 15. Bh4 Nfe4 16. Bxe4 dxe4 17. Qf2 Bxh4 18.
Qxh4 f6 19. Nec4 Nxc4 20. Nxc4 cxd4 21. Na3 d3 22. Nb1 Qc5 23. Qf2 d2 24. Nxd2 Rad8 25.
Nb3 Qe7 26. Rad1 Ba6 27. Rfe1 Bd3 28. Rd2 e5 29. f5 a5 30. Red1 Rd7 31. Nc1 Rfd8 32.
Ne2 b5 33. Ng3 b4 34. Qg2 bxc3 35. bxc3 Qc5 36. Kf2 Qxc3 37. Nxe4 Bxe4 38. Rxd7 Qc2+ 39. Ke1 Qxd1+ 40. Rxd1 Rxd1+ 41. Kxd1 Bxg2 42. Kd2 Bf3 43. Kc3 Bxg4 44. Kc4 Bxf5 45. Kb5 Be6 46. a4 Bb3 47. Kxa5 Kf7 48. Kb4 Bd1 49. a5 Be2 50. Kc5 Ke6 51. e4 f5 0-1

[Event "*** Titled Tuesday 3|2 Blitz"]
[Site "Chess.com"]
[Date "2016.06.07"]
[Round "4"]
[White "viktorskliarov"]
[Black "HansCoolNiemann"]
[Result "0-1"]
[WhiteElo "2360"]
[BlackElo "2296"]
[TimeControl "180+2"]
[EndTime "11:49:50 PDT"]
[Termination "HansCoolNiemann won by resignation"]

1. e4 e6 2. d4 d5 3. e5 c5 4. c3 Nc6 5. Nf3 Bd7 6. a3 Rc8 7. b4 cxd4 8. cxd4 Nh6 9. Bxh6 gxh6 10. Bd3 a5 11. b5 Ne7 12. O-O Bg7 13. Qd2 O-O 14.
Nc3 b6 15. a4 Ng6 16. g3 Qe7 17. Ne2 f6 18. Bxg6 hxg6 19. exf6 Bxf6 20. Qxh6 Qg7 21. Qe3 Rc2 22. Nf4 Re8 23. Nd3 Rc3 24. Rfc1 Rec8 25. Rxc3 Rxc3 26. Rc1 Rxc1+ 27. Nxc1 Qe7 28.
Nd3 Qa3 29. Nde5 Qa1+ 30. Kg2 Be8 31. Qf4 Bg7 32. Ng5 Qxa4 33. Nxe6 Qxb5 34. Nc7 Qa4 35. Qg4 Bxe5 36. Qe6+ Kf8 37. Qxe5 Bf7 38. Qd6+ Kg8 39.
Qxb6 Qb4 40. Qf6 a4 41. Na6 Qb1 42. Nc5 a3 43. Nd7 Qe4+ 44. f3 Qe2+ 45. Kh3 Qe6+ 46. Kh4 Qxf6+ 47. Nxf6+ Kg7 0-1

[Event "*** Titled Tuesday 3|2 Blitz"]
[Site "Chess.com"]
[Date "2016.06.07"]
[Round "4"]
[White "SloLev"]
[Black "underdogchss"]
[Result "1/2-1/2"]
[WhiteElo "2093"]
[BlackElo "2330"]
[TimeControl "180+2"]
[EndTime "11:49:55 PDT"]
[Termination "Game drawn by repetition"]

1. d4 Nf6 2. Nf3 e6 3. e3 d5 4.
Bd3 c5 5. b3 cxd4 6. exd4 Nc6 7. a3 Be7 8. O-O O-O 9. Nbd2 Re8 10. Bb2 Bf8 11. Ne5 g6 12. f4 Bg7 13. Kh1 Nd7 14. Ndf3 f5 15. Nxd7 Bxd7 16. Qd2 Rc8 17. Rae1 Qe7 18.
Qf2 Qf6 19. Ne5 Nxe5 20. Rxe5 a6 21. Rfe1 Qf8 22. R5e2 Qd6 23. g3 Bc6 24. Kg1 Bf6 25. h4 Kf7 26. c4 dxc4 27. bxc4 b5 28. cxb5 axb5 29. Kh2 h6 30. d5 Qxd5 31. Bxf6 Kxf6 32. Bb1 Qd6 33. Rd2 Bd5 34. Qd4+ Kf7 35. Ba2 Qc5 36. Bxd5 Qxd4 37. Rxd4 exd5 38. Rxe8 Rxe8 39. Rxd5 Re2+ 40. Kh3 Rb2 41. Rd6 Rb3 42. Rb6 Rxa3 43. Rxb5 Ra6 44. Rb7+ Kf6 45. h5 gxh5 46. Rh7 Kg6 47. Rh8 Rb6 48.
Rg8+ Kf6 49. Rc8 Kg6 50. Kh4 Rb3 51. Rg8+ Kf7 52. Rh8 Kg7 53. Rc8 Rb1 54. Kh3 Rh1+ 55. Kg2 Rb1 56. Rc6 Rb3 57. Kh3 Rb1 58. Re6 Rh1+ 59.
Kg2 Rd1 60. Kf3 Rd3+ 61. Kf2 Rd2+ 62. Kf3 Ra2 63. Rb6 Ra3+ 64. Kg2 Kh7 65. Kh3 Ra1 66. Rf6 Ra5 67. Kh4 Kg7 68. Rb6 Ra1 69. Rb7+ Kg6 70. Rb6+ Kg7 71. Kh3 Ra2 72. Rb5 Kf6 73.
Rb6+ Kg7 74. Rb7+ Kg6 75. Rb6+ Kg7 1/2-1/2